 Dungeon Crawl Stone Soup version 0.30.0-29-ga12c61a403 (webtiles) character file.

Game seed: 6234656090699154705

10266 LustLizard the Grappler (level 11, -2/115 HPs)
             Began as an Octopode Berserker on June 14, 2023.
             Was a High Priest of Trog.
             Slain by a killer bee (5 damage)
             ... on level 10 of the Dungeon.
             The game lasted 00:22:07 (10989 turns).

LustLizard the Grappler (Octopode Berserker)       Turns: 10989, Time: 00:22:08

Health: -2/115     AC:  1    Str: 21    XL:     11   Next: 59%
Magic:  0/11       EV: 23    Int: 15    God:    Trog [*****.]
Gold:   541        SH:  0    Dex: 18    Spells: 10/10 levels left

rFire   . .          .
                       - Unarmed
rCold   . . .        (no shield)
rNeg    . . .        (helmet restricted)
rPois   .            k - amulet of guardian spirit
rElec   .            g - +5 ring of evasion
rCorr   .            b - +6 ring of dexterity
SInv    .            I - ring of Ugeyss {Wiz Int+6}
Will    .....        (no ring) Stlth
                     (no ring)
HPRegen 0.39/turn    (no ring)
MPRegen 0.12/turn    (no ring)
                     (no ring)

%: guardian spirit, wizardry (x1)
@: berserking (expiring), lethally poisoned (-2 -> -11), very quick
A: almost no armour, amphibious, 8 rings, camouflage 1, gelatinous body 1,
(nimble swimmer 1), tentacles
a: Renounce Religion, Berserk, Trog's Hand, Brothers in Arms


You were on level 10 of the Dungeon.
You worshipped Trog.
Trog was extremely pleased with you.
You visited 1 branch of the dungeon, and saw 10 of its levels.
You also visited: Sewer and Ossuary.

You collected 541 gold pieces.

Inventory:

Missiles
 l - 4 throwing nets (quivered)
Armour
 w - a +0 buckler
 K - a +0 hat
Jewellery
 b - a +6 ring of dexterity (right tentacle)
 g - a +5 ring of evasion (left tentacle)
 h - an amulet of faith
 k - an amulet of guardian spirit (around mantle)
 B - a ring of ice
 I - the ring of Ugeyss (on tentacle) {Wiz Int+6}
   (You found it on level 9 of the Dungeon)

   [ring of wizardry]

   It improves your spell success rate.
   Int:       It affects your intelligence (+6).
Wands
 m - a wand of flame (30)
 v - a wand of digging (12)
 x - a wand of roots (14)
 z - a wand of acid (10)
 J - a wand of polymorph (5)
Scrolls
 a - 5 scrolls of fog
 c - 2 scrolls of immolation
 e - a scroll of magic mapping {unknown}
 o - 5 scrolls of teleportation
 q - a scroll of silence {unknown}
 t - a scroll of acquirement {unknown}
 u - a scroll of fear
 y - 2 scrolls of poison {unknown}
 C - a scroll of torment {unknown}
 F - 2 scrolls of blinking {unknown}
 G - a scroll of vulnerability {unknown}
 L - a scroll of identify
Potions
 d - 5 potions of curing
 f - a potion of heal wounds {unknown}
 i - 3 potions of might
 j - 3 potions of magic
 n - 2 potions of flight
 p - 4 potions of mutation
 r - a potion of berserk rage
 s - 2 potions of ambrosia
 A - 2 potions of invisibility
 D - 2 potions of attraction {unknown}
 E - 2 potions of resistance {unknown}
 H - 2 potions of haste {unknown}


   Skills:
 + Level 8.2 Fighting
 + Level 8.2 Dodging
 - Level 7.5 Stealth
 + Level 5.2 Shields
 * Level 11.4 Unarmed Combat
 + Level 5.9 Evocations


You had 10 spell levels left.
You didn't know any spells.
Your spell library was empty.

Dungeon Overview and Level Annotations

Branches:
Dungeon (10/15)            Temple (0/1) D:7             Orc (0/2) D:9
  Sewer (visited)         Ossuary (visited)
   Lair: D:8-11

Altars:
Cheibriados
Dithmenos
Kikubaaqudgha
Makhleb
Okawaru
Ru
Trog
Uskayaw
Vehumet
Xom
Zin

Shops:
D:5 [   D:9 :

Annotations:
D:8 2 runed translucent doors, snickersnuck's ghost, journeyman GrEE
D:9 3 runed translucent doors, cdecastro's ghost, novice HOFi
D:10 exclusion: two-headed ogre


Innate Abilities, Weirdness & Mutations

You cannot wear most types of armour.
You are amphibious.
You can wear up to eight rings at the same time.
Your skin changes colour to match your surroundings (Stealth+).
Your rubbery body absorbs attacks. (AC +1, EV +1)
((You are camouflaged when in or above water. (Stealth+)))
You have tentacles for arms and can constrict up to eight enemies at once.


Message History

You feel sick. The killer bee closely misses you. The killer bee stings you.
You are more poisoned.
The killer bee poisons you! The troll bites you.
* * * LOW HITPOINT WARNING * * *
The troll claws you!
* * * LOW HITPOINT WARNING * * *
The troll misses you.
You batter the troll!! You tentacle-slap the troll!
Your squeeze misses the troll.
The troll is almost dead.
* * * LOW HITPOINT WARNING * * *
You feel very sick. The killer bee misses you. The killer bee stings you.
* * * LOW HITPOINT WARNING * * *
You batter the troll!!
You kill the troll!
Trog accepts your kill.
The troll leather armour is intact enough to wear.
* * * LOW HITPOINT WARNING * * *
You feel sick. The killer bee barely misses you. The killer bee stings you!
* * * LOW HITPOINT WARNING * * *
You closely miss the killer bee. Your grab misses the killer bee.
Your squeeze misses the killer bee.
The killer bee is moderately wounded.
* * * LOW HITPOINT WARNING * * *
You feel sick. The killer bee closely misses you.
The killer bee completely misses you.
Unknown command.
You are too berserk!
You batter the killer bee!!
You kill the killer bee!
Trog accepts your kill.
* * * LOW HITPOINT WARNING * * *
You feel sick. The killer bee closely misses you.
You closely miss the killer bee. Your grab misses the killer bee.
You squeeze the killer bee!
The killer bee is severely wounded.
* * * LOW HITPOINT WARNING * * *
You feel sick. The killer bee stings you!
You die...

#.................
#.........###.....
#........##.......
###.)#...##.....##.
#...##...# #.##...#
###..##....#. #)).#
##..#..##.. ##.##
##...#....... #...
#†@y...... .. ###.
#.[†...... ###.
#........... ....
............. #...
.......>......
#....
#(......##......
#.... #........
..... .##..
##....... .....
.... ....


You could see a killer bee.

Vanquished Creatures
  A two-headed ogre (D:10)
  Pikel (D:4)
  A gargoyle (D:7)
  3 trolls
  A hornet (D:8)
  Prince Ribbit (D:6)
  Grinder (D:4)
  5 wyverns
  12 yaks
  A steam dragon (D:9)
  A vampire mosquito (D:7)
  A warg (D:9)
  Duvessa (D:4)
  An ice beast (D:7)
  6 orc warriors
  3 sky beasts
  3 black bears
  An ogre (D:6)
  3 centaurs
  A phantom (D:5)
  A lemure (D:4)
  A kobold brigand (D:6)
  9 bullfrogs
  A scorpion (D:6)
  3 wights (D:8)
  Dowan (D:4)
  23 killer bees
  A jelly (D:7)
  3 orc priests
  Crazy Yiuf (D:7)
  9 hounds
  4 iguanas
  A gnoll bouda (D:4)
  A sleepcap (D:5)
  Natasha (thrice) (D:2)
  8 orc wizards
  4 mummies (Ossuary)
  8 gnolls
  12 adders
  A river rat (D:6)
  A shadow imp (D:5)
  A white imp (D:8)
  2 worms
  A dart slug (D:3)
  32 orcs
  11 endoplasms
  9 giant cockroaches
  8 goblins
  9 hobgoblins
  4 jackals (D:1)
  14 quokkas
  11 ball pythons
  4 bats (D:1)
  14 frilled lizards
  2 gnoll zombies (Ossuary)
  3 goblin zombies
  2 hobgoblin zombies (Ossuary)
  11 kobolds
  A kobold zombie (Ossuary)
  2 orc zombies (Ossuary)
  10 rats
295 creatures vanquished.

Notes
Turn   | Place    | Note
-------+----------+-------------------------------------------
     0 | D:1      | LustLizard the Octopode Berserker began the quest for the
                  | Orb.
     0 | D:1      | Reached XP level 1. HP: 16/16 MP: 1/1
   126 | D:1      | Reached XP level 2. HP: 16/21 MP: 2/2
   213 | D:1      | Reached skill level 1 in Stealth
   722 | D:1      | Reached XP level 3. HP: 26/26 MP: 3/3
   875 | D:2      | Reached ** piety under Trog
  1144 | D:2      | Reached XP level 4. HP: 31/31 MP: 4/4
  1423 | D:2      | Noticed Natasha
  1431 | D:2      | Killed Natasha
  1432 | D:2      | Reached skill level 4 in Unarmed Combat
  1863 | D:2      | Noticed Natasha
  1871 | D:2      | Killed Natasha
  1872 | D:2      | Reached XP level 5. HP: 23/37 MP: 5/5
  2156 | D:2      | Noticed Natasha
  2166 | D:2      | Killed Natasha
  2395 | D:3      | Reached XP level 6. HP: 36/43 MP: 6/6
  2558 | D:3      | Found a sacrificial altar of Ru.
  2566 | D:3      | Reached *** piety under Trog
  2611 | D:3      | Found a shadowy altar of Dithmenos.
  2840 | D:4      | Noticed Grinder
  2909 | D:4      | Noticed Duvessa
  2920 | D:4      | Noticed a black bear
  2927 | D:4      | Killed a black bear
  2928 | D:4      | Reached skill level 5 in Unarmed Combat
  2990 | D:4      | Found a hide-covered altar of Uskayaw.
  3017 | D:4      | Reached XP level 7. HP: 44/48 MP: 7/7
  3057 | D:4      | Noticed Pikel
  3073 | D:4      | Killed Pikel
  3074 | D:4      | Reached skill level 5 in Fighting
  3074 | D:4      | Reached skill level 5 in Stealth
  3074 | D:4      | Reached skill level 6 in Unarmed Combat
  3074 | D:4      | Reached XP level 8. HP: 38/55 MP: 8/8
  3272 | D:4      | Reached skill level 5 in Dodging
  3285 | D:4      | Killed Grinder
  3406 | D:4      | Noticed Dowan
  3631 | D:4      | Killed Duvessa
  3632 | D:4      | Reached skill level 7 in Unarmed Combat
  3648 | D:4      | Killed Dowan
  3695 | D:5      | Entered Level 5 of the Dungeon
  3778 | D:5      | Found a snail-covered altar of Cheibriados.
  3857 | D:5      | Reached XP level 9. HP: 51/62 MP: 9/9
  3936 | D:5      | Found an iron altar of Okawaru.
  4198 | D:5      | Found El's Dragon-Slaying Spoils.
  4269 | D:5      | Found a shimmering altar of Xom.
  4861 | D:5      | Found a bloodstained altar of Trog.
  5230 | D:6      | Found an ancient bone altar of Kikubaaqudgha.
  5351 | D:6      | Reached skill level 8 in Unarmed Combat
  5549 | D:6      | Reached **** piety under Trog
  5552 | D:6      | Found a glowing drain.
  5560 | Sewer    | Entered a sewer
  5952 | D:6      | Reached skill level 1 in Evocations
  5997 | D:6      | Reached ***** piety under Trog
  6056 | D:6      | Noticed Prince Ribbit
  6083 | D:6      | Killed Prince Ribbit
  6084 | D:6      | Reached skill level 1 in Shields
  6556 | D:7      | Reached skill level 9 in Unarmed Combat
  6765 | D:7      | Reached XP level 10. HP: 48/69 MP: 5/10
  7196 | D:7      | Found a staircase to the Ecumenical Temple.
  7224 | D:7      | Noticed a gargoyle
  7235 | D:7      | Killed a gargoyle
  7445 | D:7      | Found a runed translucent door.
  7446 | D:7      | Noticed Crazy Yiuf
  7791 | D:7      | Killed Crazy Yiuf
  8039 | D:8      | Found a large runed translucent door.
  8039 | D:8      | Found a large runed translucent door.
  8040 | D:8      | Noticed snickersnuck's ghost (journeyman GrEE)
  8250 | D:8      | Found a sand-covered staircase.
  8257 | Ossuary  | Entered an ossuary
  8651 | D:8      | Reached skill level 10 in Unarmed Combat
  8657 | D:8      | Found a burning altar of Makhleb.
  8950 | D:8      | Found a glowing silver altar of Zin.
  9132 | D:9      | Found Supohuz's Book Boutique.
  9486 | D:9      | Reached XP level 11. HP: 30/76 MP: 3/11
  9493 | D:9      | Found a radiant altar of Vehumet.
  9689 | D:9      | Found a runed translucent gate.
  9689 | D:9      | Found a runed translucent gate.
  9689 | D:9      | Found a runed translucent gate.
  9691 | D:9      | Noticed cdecastro's ghost (novice HOFi)
  9722 | D:9      | Reached skill level 5 in Evocations
  9934 | D:9      | Found a staircase to the Orcish Mines.
 10246 | D:9      | Received a gift from Trog
 10365 | D:9      | Identified the ring of Ugeyss {Wiz Int+6}
 10583 | D:10     | Entered Level 10 of the Dungeon
 10595 | D:10     | Noticed a two-headed ogre
 10611 | D:10     | Noticed a two-headed ogre
 10637 | D:10     | Reached skill level 11 in Unarmed Combat
 10682 | D:10     | Killed a two-headed ogre
 10833 | D:10     | Reached skill level 5 in Shields
 10988 | D:10     | HP: 4/115 [poisoned by a killer bee]
 10989 | D:10     | Slain by a killer bee

Illustrated notes

Levels and vault maps discovered:
D:1:      dpeg_arrival_simpleton_b, layout_basic
D:2:      layout_basic, uniq_natasha
D:3:      layout_rooms, mainiacjoe_overflow_paths,
          nicolae_overflow_hidden_temple
D:4:      layout_cave_pools, mainiacjoe_overflow_cross_hatched, uniq_pikel,
          uniq_duvessa, uniq_grinder
D:5:      layout_cave_pools, mainiacjoe_overflow_chevrons,
          mainiacjoe_overflow_surrounded_room, general_overflow_altar,
          mainiacjoe_overflow_24_doors, chequers_serial_rivers_micro_e,
          minivault_14, nicolae_shop_dragon_depot,
          amcnicky_mini_corridor_feature
D:6:      layout_basic, mainiacjoe_overflow_concentric_impassable,
          portal_sewer_entry_e, lexackson_kobold_supper, uniq_prince_ribbit1
D:7:      layout_loops_corners, minmay_temple_entry_hall,
          chequers_serial_rivers_micro_c, corexii_checkpoint_a,
          corexii_leaking_fountain, kennysheep_another_room, kb_rosetta,
          uniq_crazy_yiuf_cottage
D:8:      layout_gridville, amcnicky_altar_gilded, zin_treasury,
          enter_ossuary_4, ebering_ghost_disaster_area,
          kennysheep_generic_room_12
D:9:      layout_roguey, old_standard_altar, david_orc_3,
          gammafunk_ghost_necromancy, serial_shops, shop, chequers_arboretum
D:10:     layout_cave_pools, marbit_many_paths

Skill      XL: |  1  2  3  4  5  6  7  8  9 10 11 |
---------------+----------------------------------+-----
Stealth        | 1 2 3 4 5 6 7 |  7.5
Unarmed Combat | 4 5 6 7 9 10 11 | 11.4
Fighting       | 4 5 6 7 8 |  8.2
Dodging        | 4 5 6 7 8 |  8.2
Evocations     | 2 4 5 |  5.9
Shields        | 2 4 5 |  5.2

Action                     |  1- 3 |  4- 6 |  7- 9 | 10-12 || total
---------------------------+-------+-------+-------+-------++-------
  Melee: Unarmed           |    81 |    90 |   278 |   316 ||   765
         Constrict         |    22 |    30 |    60 |    45 ||   157
         Tentacles         |    19 |    21 |    60 |    65 ||   165
         Punch             |     3 |     3 |    22 |    26 ||    54
 Invoke: Berserk           |       |     1 |     4 |     3 ||     8
         Trog's Hand       |       |       |     1 |       ||     1
    Use: Scroll            |       |     2 |     8 |     4 ||    14
         Potion            |       |       |       |     5 ||     5
   Stab: Sleeping          |    10 |     9 |    22 |    18 ||    59
         Distracted        |       |     1 |       |     4 ||     5
 Armour: Skin              |     6 |     1 |     6 |    13 ||    26
  Dodge: Dodged            |    35 |    85 |   221 |   306 ||   647
